TOP OF THE 1ST |
Elizabethton Twins batting - Pitching for Orem Owlz : RHP Lense Heus
|
Pitching: RHP Lense Heus
|
|
Batting: RHB David McDonald
|
0-0: Ground out U3 (Groundball, 34S, EV 87.5 MPH)
|
Batting: LHB Brian Wagner
|
0-0: Ball 1-0: Ball 2-0: Ball 3-0: Base on Balls
|
Batting: LHB George Roben
|
0-0: Called Strike 0-1: Ball 1-1: Foul Ball, location: 2F 1-2: Hit by Pitch Brian Wagner to second
|
Batting: LHB Hector Olvera
|
0-0: Called Strike 0-1: Called Strike 0-2: Ball 1-2: Ball 2-2: Ball 3-2: Fly out, F9 (Flyball, 9D, EV 96.9 MPH) Runner from 2nd tags up, SAFE at 3rd, no throw by RF
|
Batting: RHB Josh Harmon
|
0-0: Called Strike 0-1: Ball Passed Ball! Brian Wagner scores George Roben to second 1-1: Ball 2-1: SINGLE (Groundball, 6MD, EV 96.2 MPH) George Roben to third Runner from 3rd tries for Home, SAFE, throw by CF to home Josh Harmon to second
|
Batting: RHB Steve Terrell
|
0-0: Ball 1-0: SINGLE (Line Drive, 89S, EV 111.2 MPH) Josh Harmon to third
|
Batting: LHB Marvin Shepherd
|
0-0: Called Strike 0-1: Ball 1-1: Foul Ball, location: 2F 1-2: Ball 2-2: Ball 3-2: DOUBLE (Line Drive, 9LM, EV 108.1 MPH) Josh Harmon scores Steve Terrell to third Steve Terrell scores
|
Batting: LHB Ryuuichi Shintani
|
0-0: Ball 1-0: Called Strike 1-1: Ball 2-1: DOUBLE (Groundball, 3L, EV 101.9 MPH) Marvin Shepherd scores
|
Batting: SHB Nadhir Umayr
|
0-0: Foul Ball, location: 2F 0-1: Swinging Strike 0-2: Ball 1-2: Ball 2-2: Strikes out swinging
|
Top of the 1st over - 5 runs, 4 hits, 0 errors, 1 left on base; Elizabethton 5 - Orem 0 |
BOTTOM OF THE 1ST |
Orem Owlz batting - Pitching for Elizabethton Twins : RHP Gary Triska
|
Pitching: RHP Gary Triska
|
|
Batting: RHB Daniel Molina
|
0-0: Ball 1-0: Swinging Strike 1-1: Ball 2-1: Ball 3-1: Foul Ball, location: 2F 3-2: Foul Ball, location: 2F 3-2: Strikes out looking
|
Batting: RHB Fred Saxton
|
0-0: Ball 1-0: Ball 2-0: Ball 3-0: Base on Balls
|
Batting: RHB Nick Lombardo
|
0-0: Foul Ball, location: 2F 0-1: Fielders Choice at 2nd, 6-4 (Groundball, 6, EV 81.2 MPH)
|
Batting: RHB Dan Thomey
|
0-0: Ball Nick Lombardo steals 2nd base 1-0: Ball 2-0: Foul Ball, location: 2F 2-1: Foul Ball, location: 2F 2-2: Ball 3-2: Foul Ball, location: 2F 3-2: Base on Balls
|
Batting: RHB Dan Burkhart
|
0-0: Called Strike 0-1: Ball 1-1: Ball 2-1: Ball 3-1: Called Strike 3-2: Strikes out looking
|
Bottom of the 1st over - 0 runs, 0 hits, 0 errors, 2 left on base; Elizabethton 5 - Orem 0 |
TOP OF THE 2ND |
Elizabethton Twins batting - Pitching for Orem Owlz : RHP Lense Heus
|
Batting: RHB David McDonald
|
0-0: Ball 1-0: Called Strike 1-1: Ball 2-1: Swinging Strike 2-2: Foul Ball, location: 2F 2-2: SINGLE (Line Drive, 4MD, EV 102.5 MPH)
|
Batting: LHB Brian Wagner
|
0-0: Ball David McDonald steals 2nd base 1-0: Ball 2-0: Ball 3-0: Called Strike 3-1: Called Strike 3-2: Foul Ball, location: 2F 3-2: Fly out, F9 (Line Drive, 9, EV 95.0 MPH)
|
Batting: LHB George Roben
|
0-0: Ball 1-0: Foul Ball, location: 2F 1-1: Called Strike 1-2: Foul Ball, location: 2F 1-2: Ball 2-2: Hit by Pitch
|
Pitching: RHP Ju-wei Long
|
|
Batting: LHB Hector Olvera
|
0-0: Swinging Strike 0-1: Called Strike 0-2: Ball 1-2: Ball 2-2: Hit by Pitch David McDonald to third George Roben to second
|
Batting: RHB Josh Harmon
|
0-0: Ball 1-0: Fielders Choice at 2nd, 5-4 (Groundball, 5, EV 110.6 MPH) David McDonald scores George Roben to third
|
Batting: RHB Steve Terrell
|
0-0: Ball Wild Pitch! George Roben scores Josh Harmon to second 1-0: Ball Wild Pitch! Josh Harmon to third 2-0: Foul Ball, location: 2F 2-1: TRIPLE (Line Drive, 78XD, EV 103.8 MPH) Josh Harmon scores
|
Batting: LHB Marvin Shepherd
|
0-0: Ball 1-0: Ball 2-0: Ball 3-0: Called Strike 3-1: Base on Balls
|
Batting: LHB Ryuuichi Shintani
|
0-0: Swinging Strike 0-1: Ball 1-1: Foul Ball, location: 2F 1-2: Ball 2-2: Strikes out looking
|
Top of the 2nd over - 3 runs, 2 hits, 0 errors, 2 left on base; Elizabethton 8 - Orem 0 |
BOTTOM OF THE 2ND |
Orem Owlz batting - Pitching for Elizabethton Twins : RHP Gary Triska
|
Batting: SHB David Vigo
|
0-0: Called Strike 0-1: Called Strike 0-2: Ball 1-2: Ball 2-2: Foul Ball, location: 2F 2-2: Strikes out swinging
|
Batting: RHB Dan Myers
|
0-0: Ball 1-0: Called Strike 1-1: Foul Ball, location: 2F 1-2: Foul Ball, location: 2F 1-2: Ball 2-2: Ball 3-2: Strikes out swinging
|
Batting: RHB Sean Rocha
|
0-0: Ball 1-0: Swinging Strike 1-1: SINGLE (Groundball, 25, EV 73.8 MPH) (infield hit)
|
Batting: SHB Danny Gelinas
|
0-0: Ball Sean Rocha steals 2nd base 1-0: Reached on error, E4 (Groundball, 4, EV 90.6 MPH) Sean Rocha scores
|
Batting: RHB Daniel Molina
|
0-0: Ball 1-0: Ground out 1-3 (Groundball, 15S, EV 67.5 MPH)
|
Bottom of the 2nd over - 1 run, 1 hit, 1 error, 1 left on base; Elizabethton 8 - Orem 1 |
TOP OF THE 3RD |
Elizabethton Twins batting - Pitching for Orem Owlz : RHP Ju-wei Long
|
Batting: SHB Nadhir Umayr
|
0-0: Ground out U3 (Groundball, 34S, EV 90.6 MPH)
|
Batting: RHB David McDonald
|
0-0: Ball 1-0: Swinging Strike 1-1: Ball 2-1: Ground out 1-3 (Groundball, 25, EV 73.8 MPH)
|
Batting: LHB Brian Wagner
|
0-0: Ball 1-0: Ball 2-0: Foul Ball, location: 2F 2-1: SOLO HOME RUN (Flyball, 78XD, EV 104.4 MPH), Distance : 417 ft
|
Batting: LHB George Roben
|
0-0: Ball 1-0: Ball 2-0: Foul Ball, location: 2F 2-1: Ball 3-1: Base on Balls
|
Pitching: RHP Arnold Frye
|
|
Batting: LHB Hector Olvera
|
0-0: Foul Ball, location: 2F 0-1: Swinging Strike 0-2: Strikes out looking
|
Top of the 3rd over - 1 run, 1 hit, 0 errors, 1 left on base; Elizabethton 9 - Orem 1 |
BOTTOM OF THE 3RD |
Orem Owlz batting - Pitching for Elizabethton Twins : RHP Gary Triska
|
Batting: RHB Fred Saxton
|
0-0: Fly out, F8 (Flyball, 78D, EV 93.8 MPH)
|
Batting: RHB Nick Lombardo
|
0-0: Ball 1-0: Swinging Strike 1-1: Foul Ball, location: 2F 1-2: Strikes out swinging
|
Batting: RHB Dan Thomey
|
0-0: Ground out U3 (Groundball, 13, EV 90.6 MPH)
|
Bottom of the 3rd over - 0 runs, 0 hits, 0 errors, 0 left on base; Elizabethton 9 - Orem 1 |
TOP OF THE 4TH |
Elizabethton Twins batting - Pitching for Orem Owlz : RHP Arnold Frye
|
Batting: RHB Josh Harmon
|
0-0: Foul Ball, location: 2F 0-1: Swinging Strike 0-2: Ball 1-2: SINGLE (Groundball, 6, EV 94.4 MPH)
|
Batting: RHB Steve Terrell
|
0-0: Called Strike 0-1: Ball 1-1: Fielders Choice at 2nd, 4-6 (Groundball, 34, EV 81.9 MPH)
|
Batting: LHB Marvin Shepherd
|
0-0: Swinging Strike 0-1: Foul Ball, location: 2F 0-2: Ball 1-2: Strikes out swinging
|
Batting: LHB Ryuuichi Shintani
|
0-0: Called Strike 0-1: Ball 1-1: Foul Ball, location: 2F 1-2: Strikes out looking
|
Top of the 4th over - 0 runs, 1 hit, 0 errors, 1 left on base; Elizabethton 9 - Orem 1 |
BOTTOM OF THE 4TH |
Orem Owlz batting - Pitching for Elizabethton Twins : RHP Gary Triska
|
Batting: RHB Dan Burkhart
|
0-0: Ball 1-0: Ball 2-0: Ball 3-0: Base on Balls
|
Batting: SHB David Vigo
|
0-0: Called Strike 0-1: Swinging Strike 0-2: Ball 1-2: Ball 2-2: Strikes out swinging
|
Batting: RHB Dan Myers
|
0-0: Foul Ball, location: 2F 0-1: Called Strike Dan Burkhart steals 2nd base 0-2: Ball 1-2: Ground out U3 (Groundball, 3L, EV 83.1 MPH) Dan Burkhart to third
|
Batting: RHB Sean Rocha
|
0-0: Called Strike 0-1: Ball 1-1: Foul Ball, location: 2F 1-2: SINGLE (Groundball, 6, EV 106.9 MPH) Dan Burkhart scores
|
Batting: SHB Danny Gelinas
|
0-0: Called Strike Sean Rocha steals 2nd base 0-1: Fly out, F4 (Popup, 34S, EV 86.9 MPH)
|
Bottom of the 4th over - 1 run, 1 hit, 0 errors, 1 left on base; Elizabethton 9 - Orem 2 |
TOP OF THE 5TH |
Elizabethton Twins batting - Pitching for Orem Owlz : RHP Arnold Frye
|
Pitching: RHP Jeff Shelton
|
|
Batting: SHB Nadhir Umayr
|
0-0: Foul Ball, location: 2F 0-1: Fly out, F8 (Line Drive, 8RD, EV 103.1 MPH)
|
Batting: RHB David McDonald
|
0-0: Ball 1-0: Called Strike 1-1: Ball 2-1: SINGLE (Line Drive, 8LS, EV 93.8 MPH)
|
Batting: LHB Brian Wagner
|
0-0: Called Strike 0-1: Ball 1-1: Fly out, F8 (Flyball, 8RD, EV 98.1 MPH)
|
Batting: LHB George Roben
|
0-0: Ball Wild Pitch! David McDonald to second 1-0: SINGLE (Groundball, 34D, EV 105.6 MPH) David McDonald to third Runner from 3rd tries for Home, SAFE, throw by RF to home
|
Batting: LHB Hector Olvera
|
0-0: Ball 1-0: Fly out, F9 (Flyball, 9D, EV 101.9 MPH)
|
Top of the 5th over - 1 run, 2 hits, 0 errors, 1 left on base; Elizabethton 10 - Orem 2 |
BOTTOM OF THE 5TH |
Orem Owlz batting - Pitching for Elizabethton Twins : RHP Gary Triska
|
Batting: RHB Daniel Molina
|
0-0: SINGLE (Groundball, 56D, EV 103.1 MPH)
|
Batting: RHB Fred Saxton
|
0-0: Ball Daniel Molina is caught stealing 2nd base 2-4 1-0: Ball 2-0: Called Strike 2-1: Ball 3-1: Foul Ball, location: 2F 3-2: Fly out, F7 (Flyball, 7, EV 96.9 MPH)
|
Batting: RHB Nick Lombardo
|
0-0: Ball 1-0: Ball 2-0: Swinging Strike 2-1: Ball 3-1: Base on Balls
|
Batting: RHB Dan Thomey
|
0-0: Called Strike Nick Lombardo steals 2nd base 0-1: Swinging Strike 0-2: Ball 1-2: Foul Ball, location: 2F 1-2: Foul Ball, location: 2F 1-2: Ground out 4-3 (Groundball, 4, EV 84.4 MPH)
|
Bottom of the 5th over - 0 runs, 1 hit, 0 errors, 1 left on base; Elizabethton 10 - Orem 2 |
TOP OF THE 6TH |
Elizabethton Twins batting - Pitching for Orem Owlz : RHP Jeff Shelton
|
Batting: RHB Josh Harmon
|
0-0: Called Strike 0-1: Foul Ball, location: 2F 0-2: Ball 1-2: Ball 2-2: TRIPLE (Flyball, 78XD, EV 112.5 MPH)
|
Batting: RHB Steve Terrell
|
0-0: Ball 1-0: Ball 2-0: Ball 3-0: Called Strike 3-1: SINGLE (Groundball, 25, EV 67.5 MPH) (infield hit)
|
Pitching: RHP Jon Trujillo
|
|
Batting: LHB Marvin Shepherd
|
0-0: Foul Ball, location: 2F 0-1: Ball Wild Pitch! Josh Harmon scores Steve Terrell to second 1-1: Called Strike 1-2: Ball 2-2: Foul Ball, location: 2F 2-2: Ball 3-2: Base on Balls
|
Batting: LHB Ryuuichi Shintani
|
0-0: Called Strike 0-1: Swinging Strike 0-2: Strikes out swinging
|
Batting: SHB Nadhir Umayr
|
0-0: Ball 1-0: Fly out, F7 (Line Drive, 78M, EV 105.0 MPH)
|
Batting: RHB David McDonald
|
0-0: Ball 1-0: Ball 2-0: Ball 3-0: Called Strike 3-1: Base on Balls Steve Terrell to third Marvin Shepherd to second
|
Batting: LHB Brian Wagner
|
0-0: Swinging Strike 0-1: Ball 1-1: Ball 2-1: Ball 3-1: Base on Balls Steve Terrell scores Marvin Shepherd to third David McDonald to second
|
Batting: LHB George Roben
|
0-0: Ball 1-0: Called Strike 1-1: Foul Ball, location: 2F 1-2: Strikes out swinging
|
Top of the 6th over - 2 runs, 2 hits, 0 errors, 3 left on base; Elizabethton 12 - Orem 2 |
BOTTOM OF THE 6TH |
Orem Owlz batting - Pitching for Elizabethton Twins : RHP Gary Triska
|
Pitching: RHP Miguel Montelongo
|
|
Batting: RHB Dan Burkhart
|
0-0: Ball 1-0: Foul Ball, location: 2F 1-1: Ball 2-1: Called Strike 2-2: SINGLE (Line Drive, 8RS, EV 98.1 MPH)
|
Batting: SHB David Vigo
|
0-0: Ball 1-0: SINGLE (Line Drive, 9LS, EV 86.9 MPH) Dan Burkhart to second Runner from 2nd tries for 3rd, SAFE, throw by RF made to third
|
Batting: RHB Dan Myers
|
0-0: Ball David Vigo steals 2nd base (no throw) 1-0: SINGLE (Line Drive, 8RS, EV 95.6 MPH) Dan Burkhart scores David Vigo to third Runner from 3rd tries for Home, throw by CF and OUT! 8-2 Dan Myers to second
|
Batting: RHB Sean Rocha
|
0-0: Called Strike 0-1: Ball 1-1: Called Strike 1-2: Ball Wild Pitch! Dan Myers to third 2-2: Ball 3-2: Base on Balls
|
Batting: SHB Danny Gelinas
|
0-0: Called Strike Sean Rocha is caught stealing 2nd base 2-6 0-1: Ball 1-1: 2-RUN HOME RUN (Flyball, 9LD, EV 91.2 MPH), Distance : 341 ft
|
Batting: RHB Daniel Molina
|
0-0: Called Strike 0-1: Ball 1-1: Called Strike 1-2: Ball 2-2: Ground out 4-3 (Groundball, 4, EV 86.9 MPH)
|
Bottom of the 6th over - 3 runs, 4 hits, 0 errors, 0 left on base; Elizabethton 12 - Orem 5 |
TOP OF THE 7TH |
Elizabethton Twins batting - Pitching for Orem Owlz : RHP Jon Trujillo
|
Pitching: RHP Matt Doherty
|
|
Batting: LHB Hector Olvera
|
0-0: Ball 1-0: Ground out 6-3 (Groundball, P, EV 86.9 MPH)
|
Batting: RHB Josh Harmon
|
0-0: Swinging Strike 0-1: Swinging Strike 0-2: Foul Ball, location: 2F 0-2: Strikes out swinging
|
Batting: RHB Steve Terrell
|
0-0: Ball 1-0: Fly out, F8 (Flyball, 89D, EV 106.9 MPH)
|
Top of the 7th over - 0 runs, 0 hits, 0 errors, 0 left on base; Elizabethton 12 - Orem 5 |
BOTTOM OF THE 7TH |
Orem Owlz batting - Pitching for Elizabethton Twins : RHP Miguel Montelongo
|
Batting: RHB Fred Saxton
|
0-0: Foul Ball, location: 2F 0-1: Ball 1-1: Swinging Strike 1-2: Strikes out looking
|
Batting: RHB Nick Lombardo
|
0-0: Ball 1-0: Ball 2-0: Called Strike 2-1: Ground out 5-3 (Groundball, 56S, EV 85.6 MPH)
|
Batting: RHB Dan Thomey
|
0-0: Swinging Strike 0-1: Foul Ball, location: 2F 0-2: Fly out, F9 (Flyball, 9, EV 93.8 MPH)
|
Bottom of the 7th over - 0 runs, 0 hits, 0 errors, 0 left on base; Elizabethton 12 - Orem 5 |
TOP OF THE 8TH |
Elizabethton Twins batting - Pitching for Orem Owlz : RHP Matt Doherty
|
Batting: LHB Marvin Shepherd
|
0-0: Ball 1-0: Ball 2-0: Swinging Strike 2-1: Fly out, F3 (Line Drive, 3L, EV 68.8 MPH)
|
Batting: LHB Ryuuichi Shintani
|
0-0: Ball 1-0: Ball 2-0: Called Strike 2-1: Foul Ball, location: 2F 2-2: SINGLE (Groundball, 4MD, EV 98.1 MPH)
|
Batting: SHB Nadhir Umayr
|
0-0: Ball 1-0: Swinging Strike 1-1: Called Strike Ryuuichi Shintani is caught stealing 2nd base 2-6 1-2: Strikes out looking
|
Top of the 8th over - 0 runs, 1 hit, 0 errors, 0 left on base; Elizabethton 12 - Orem 5 |
BOTTOM OF THE 8TH |
Orem Owlz batting - Pitching for Elizabethton Twins : RHP Miguel Montelongo
|
Batting: RHB Dan Burkhart
|
0-0: SINGLE (Flyball, 89S, EV 88.8 MPH)
|
Pitching: RHP Brian Waldrip
|
|
Batting: SHB David Vigo
|
0-0: Ball 1-0: Foul Ball, location: 2F 1-1: Ball 2-1: Foul Ball, location: 2F 2-2: Ball 3-2: Base on Balls Dan Burkhart to second
|
Batting: RHB Dan Myers
|
0-0: Ball 1-0: Swinging Strike 1-1: Ball 2-1: Called Strike 2-2: Ball 3-2: Strikes out looking
|
Pinch Hitting: RHB Brendan Garoutte
|
0-0: Called Strike 0-1: Foul Ball, location: 2F 0-2: Ball 1-2: Ball 2-2: Strikes out looking
|
Batting: SHB Danny Gelinas
|
0-0: Called Strike 0-1: Hit by Pitch Dan Burkhart to third David Vigo to second
|
Batting: RHB Daniel Molina
|
0-0: Foul Ball, location: 2F 0-1: Ball 1-1: Swinging Strike 1-2: Foul Ball, location: 2F 1-2: Ground out 5-3 (Groundball, 56, EV 105.6 MPH)
|
Bottom of the 8th over - 0 runs, 1 hit, 0 errors, 3 left on base; Elizabethton 12 - Orem 5 |
TOP OF THE 9TH |
Elizabethton Twins batting - Pitching for Orem Owlz : RHP Matt Doherty
|
Now in CF: Brendan Garoutte
|
|
Batting: RHB David McDonald
|
0-0: Foul Ball, location: 2F 0-1: Swinging Strike 0-2: Strikes out looking
|
Pitching: LHP Yee Koh
|
|
Batting: LHB Brian Wagner
|
0-0: Foul Ball, location: 2F 0-1: Called Strike 0-2: Strikes out swinging
|
Batting: LHB George Roben
|
0-0: Ball 1-0: Ground out 4-3 (Groundball, 4, EV 100.6 MPH)
|
Top of the 9th over - 0 runs, 0 hits, 0 errors, 0 left on base; Elizabethton 12 - Orem 5 |
BOTTOM OF THE 9TH |
Orem Owlz batting - Pitching for Elizabethton Twins : RHP Brian Waldrip
|
Batting: RHB Fred Saxton
|
0-0: Ball 1-0: Ball 2-0: Ball 3-0: Called Strike 3-1: Called Strike 3-2: Foul Ball, location: 2F 3-2: Base on Balls
|
Pitching: RHP Karel Braaksma
|
|
Batting: RHB Nick Lombardo
|
Balk! Fred Saxton to second 0-0: Called Strike 0-1: Swinging Strike 0-2: Ball 1-2: Fly out, F6 (Line Drive, 6, EV 71.9 MPH)
|
Batting: RHB Dan Thomey
|
0-0: Ball 1-0: Ball 2-0: Ball 3-0: Base on Balls
|
Batting: RHB Dan Burkhart
|
0-0: Ball 1-0: Called Strike 1-1: Ball 2-1: Ball 3-1: Base on Balls Fred Saxton to third Dan Thomey to second
|
Pinch Hitting: RHB Kyle Gray
|
0-0: Ball 1-0: Called Strike 1-1: DOUBLE (Line Drive, 5D, EV 94.4 MPH) Fred Saxton scores Dan Thomey scores Dan Burkhart to third
|
Batting: RHB Dan Myers
|
0-0: Ball 1-0: Ground out 2-3 (Groundball, 2L, EV 66.9 MPH)
|
Pinch Hitting: LHB Alberto Carrillo
|
0-0: Ball 1-0: Called Strike 1-1: Called Strike 1-2: Ball Wild Pitch! Dan Burkhart scores Kyle Gray to third 2-2: Ball Wild Pitch! Kyle Gray scores 3-2: Ground out 5-3 (Groundball, 56S, EV 66.9 MPH)
|
Bottom of the 9th over - 4 runs, 1 hit, 0 errors, 0 left on base; Elizabethton 12 - Orem 9 |
|